AoeStats
← Artor

Black Forest

508301853Analyzed
4v4 RM · 10d ago on Sep 21, 2026· 49m 30s· 8 players
Game mode
Random Map
Map size
Large (8 player)
Population
200
Speed
Normal
Resources
Standard
Victory
Conquest
Starting age
Dark Age
Ending age
Imperial Age
RankedLock teamsTeams togetherTeam positionsShared explorationLock speedFull tech treeHidden civsTurbo modeCheats
Victory
Defeat
🇹🇼 Persians · Taiwan
1014
+14
🇩🇪 Ethiopians · Germany
976
+15
🇹🇷 Teutons · Türkiye
949
+16
🇨🇱 Koreans · Chile
948
+16
🇪🇸 Spanish · Spain
1008
-16
🇪🇸 Lithuanians · Spain
965
-16
🇲🇽 Hindustanis · Mexico
958
-15
🇲🇽 Wei · Mexico
915
-14
Artor
0:52 Loom
13:01 Feudal Age
19:26 Castle Age
17:52 Horse Collar
18:00 Double-Bit Axe
19:02 Gold Mining
19:06 Stone Mining
22:02 Heavy Plow
22:15 Bow Saw
22:43 Gold Shaft Mining
28:23 Wheelbarrow
29:38 Hand Cart
31:42 Scale Mail Armor
35:31 Imperial Age
35:18 Fortified Wall
36:33 Torsion Engines
37:19 Siege Engineers
37:40 Conscription
37:59 Heavy Scorpion
40:08 Chemistry
42:06 Ballistics
41:51 Caravan
42:31 Stone Shaft Mining
42:42 Forging
Juan Carlos Bodoque
0:33 Loom
14:06 Feudal Age
18:00 Town Watch
21:10 Wheelbarrow
20:34 Fletching
24:11 Castle Age
24:29 Gold Mining
24:30 Stone Mining
24:27 Double-Bit Axe
24:25 Horse Collar
25:43 Bodkin Arrow
26:00 Heavy Plow
26:12 Bow Saw
27:12 Husbandry
27:44 Treadmill Crane
28:13 Town Patrol
30:57 Eupseong
34:03 Gold Shaft Mining
35:46 Fortified Wall
35:58 Ballistics
35:51 Masonry
37:50 Hand Cart
41:04 Imperial Age
39:20 Murder Holes
39:47 Squires
39:36 Gambesons
39:37 Arson
40:09 Thumb Ring
41:11 Elite War Wagon
42:29 Bracer
44:12 Chemistry
44:21 Two-Man Saw
44:14 Conscription
45:25 Stone Shaft Mining
45:47 Architecture
45:24 Siege Engineers
46:17 Heavy Rocket Cart
49:28 Shinkichon
MaxC
0:45 Loom
2:23 Loom
11:16 Feudal Age
15:25 Castle Age
14:43 Double-Bit Axe
14:40 Horse Collar
14:56 Gold Mining
18:00 Bow Saw
22:08 Fervor
23:48 Wheelbarrow
25:29 Scale Barding Armor
25:35 Forging
26:04 Bloodlines
27:10 Chain Barding Armor
28:33 Iron Casting
28:19 Hand Cart
29:30 Gold Shaft Mining
28:47 Stone Mining
33:00 Imperial Age
31:33 Husbandry
32:59 Town Watch
33:25 Caravan
33:54 Conscription
33:46 Kamandaran
33:57 Citadels
33:09 Cavalier
34:50 Plate Barding Armor
34:17 Padded Archer Armor
34:07 Fletching
35:18 Blast Furnace
35:43 Two-Man Saw
35:19 Stone Shaft Mining
34:46 Heavy Plow
34:35 Savar
36:42 Chemistry
36:03 Ballistics
36:25 Capped Ram
40:04 Leather Archer Armor
39:45 Bodkin Arrow
41:17 Ring Archer Armor
41:12 Guilds
41:33 Coinage
45:51 Siege Ram
Eskiçeri
5:23 Loom
12:26 Feudal Age
16:26 Castle Age
14:23 Double-Bit Axe
15:25 Horse Collar
18:05 Wheelbarrow
20:01 Bow Saw
24:46 Bloodlines
26:52 Heavy Plow
27:22 Hand Cart
32:59 Imperial Age
30:16 Town Watch
32:30 Caravan
33:05 Cavalier
33:57 Scale Barding Armor
34:03 Forging
34:25 Crop Rotation
34:58 Two-Man Saw
33:51 Gold Mining
33:56 Stone Mining
34:17 Town Patrol
36:37 Chemistry
35:58 Ballistics
36:08 Chain Barding Armor
36:24 Iron Casting
36:22 Paladin
39:08 Blast Furnace
39:00 Plate Barding Armor
40:16 Stone Shaft Mining
44:18 Bombard Tower
43:43 Arrowslits
44:09 Fortified Wall
Leinad89
1:13 Loom
13:47 Feudal Age
18:30 Castle Age
23:14 Horse Collar
24:09 Heavy Plow
28:13 Double-Bit Axe
30:44 Wheelbarrow
33:21 Gold Mining
36:25 Imperial Age
34:05 Tuntian
35:23 Forging
36:08 Gold Shaft Mining
37:46 Conscription
38:44 Caravan
40:30 Iron Casting
40:56 Pikeman
41:53 Fortified Wall
41:46 Halberdier
43:28 Ming Guang Armor
43:09 Squires
44:02 Bloodlines
QUETZALCOATL
13:23 Loom
15:33 Feudal Age
13:51 Loom
17:53 Double-Bit Axe
17:50 Horse Collar
23:59 Castle Age
22:53 Gold Mining
24:24 Fletching
24:34 Padded Archer Armor
26:41 Ballistics
28:59 Imperial Age
26:44 Thumb Ring
27:21 Wheelbarrow
27:57 Heavy Plow
28:10 Bow Saw
29:15 Wheelbarrow
29:27 Gold Shaft Mining
28:57 Bodkin Arrow
29:17 Leather Archer Armor
30:40 Chemistry
30:43 Bracer
31:13 Ring Archer Armor
32:29 Hand Cart
34:52 Conscription
44:32 Forging
44:22 Scale Mail Armor
44:30 Scale Barding Armor
44:34 Town Watch
46:32 Iron Casting
46:18 Chain Barding Armor
45:21 Heavy Camel Rider
46:06 Husbandry
47:07 Bloodlines
47:08 Imperial Camel Rider
48:22 Stone Mining
Althanen
0:27 Loom
12:59 Feudal Age
18:07 Castle Age
15:57 Double-Bit Axe
17:11 Stone Mining
17:02 Horse Collar
17:41 Fletching
20:59 Bodkin Arrow
23:07 Gold Mining
23:43 Fervor
29:14 Bloodlines
35:21 Imperial Age
32:37 Town Watch
33:27 Wheelbarrow
33:55 Ballistics
34:05 Town Patrol
34:10 Padded Archer Armor
34:15 Scale Barding Armor
34:36 Husbandry
35:27 Stone Shaft Mining
34:56 Heavy Plow
36:33 Forging
37:08 Cavalier
37:47 Elite Conquistador
39:09 Iron Casting
40:22 Chemistry
43:11 Bow Saw
43:57 Fortified Wall
46:15 Chain Barding Armor
46:11 Leather Archer Armor
46:56 Blast Furnace
46:52 Paladin
48:45 Ring Archer Armor
48:50 Plate Barding Armor
KikeCr2
0:36 Loom
12:15 Feudal Age
17:47 Castle Age
19:22 Horse Collar
19:30 Double-Bit Axe
35:03 Imperial Age
32:54 Hill Forts
33:05 Heavy Plow
33:46 Wheelbarrow
32:56 Town Watch
34:24 Scale Barding Armor
34:30 Forging
34:20 Scale Mail Armor
34:56 Ballistics
34:55 Husbandry
35:18 Cavalier
35:21 Pikeman
36:01 Squires
35:47 Arson
36:27 Halberdier
37:07 Capped Ram
39:00 Chemistry
38:34 Chain Mail Armor
38:19 Padded Archer Armor
40:14 Iron Casting
40:02 Chain Barding Armor
40:29 Elite Leitis
41:34 Onager
42:10 Fletching
47:24 Paladin
Connection lost

Rejoining the realm…

Still unreachable

The connection could not be restored.

Session expired

The server has moved on; the page needs a fresh start.